 Dungeon Crawl Stone Soup version 0.22.0-18-ge075c0de6d (webtiles) character file.

47 Jukra the Shooter (level 3, -1/28 HPs)
             Began as a Centaur Arcane Marksman on Aug 19, 2018.
             Was an Initiate of Vehumet.
             Slain by a gnoll
             ... wielding a +0 whip
              (5 damage)
             ... on level 2 of the Dungeon.
             The game lasted 00:09:46 (1377 turns).

Jukra the Shooter (Centaur Arcane Marksman)         Turns: 1377, Time: 00:09:47

Health: -1/28      AC:  6    Str: 12    XL:     3   Next: 48%
Magic:  3/4        EV:  8    Int: 12    God:    Vehumet [......]
Gold:   93         SH:  0    Dex: 10    Spells: 3/4 levels left

rFire    . . .     SeeInvis .   a - +0 shortbow
rCold    . . .     Gourm    .   (shield currently unavailable)
rNeg     . . .     Faith    .   u - +0 ring mail
rPois    .         Spirit   .   p - +0 helmet
rElec    .         Reflect  .   (no cloak)
rCorr    .         Harm     .   (no gloves)
MR       .....                  (no barding)
Stlth    ..........             l - amulet of the acrobat
HPRegen  0.09/turn              i - ring of attention (curse)
MPRegen  0.09/turn              g - +3 ring of slaying

@: very slightly contaminated, very quick
A: large, hooves 3, deformed body, speed 2, tough skin 3
a: Renounce Religion


You were on level 2 of the Dungeon.
You worshipped Vehumet.
Vehumet was noncommittal.
You were not hungry.

You visited 1 branch of the dungeon, and saw 2 of its levels.

You collected 93 gold pieces.

Inventory:

Hand Weapons
 a - a +0 shortbow (weapon)
Missiles
 d - 6 arrows (quivered)
Armour
 e - a +0 robe
 p - a +0 helmet (worn)
 u - a +0 ring mail (worn)
Jewellery
 c - a +3 ring of evasion
 g - a +3 ring of slaying (right hand)
 i - a cursed ring of attention (left hand)
 l - an amulet of the acrobat (around neck)
 r - an uncursed amulet of magic regeneration {unknown}
Wands
 s - a wand of polymorph (10)
Scrolls
 h - a scroll of amnesia {unknown}
 j - a scroll of identify {unknown}
 o - a scroll of enchant armour {unknown}
 t - a scroll of enchant weapon {unknown}
Potions
 b - a potion of heal wounds {unknown}
 k - a potion of degeneration {unknown}
 m - a potion of flight {unknown}
 n - a potion of haste {unknown}
 q - a potion of might {unknown}
Comestibles
 f - a ration


   Skills:
 + Level 1.2 Fighting
 * Level 4.3 Bows
 + Level 1.5 Dodging
 * Level 1.0 Spellcasting
 * Level 3.2 Hexes


You had 3 spell levels left.
You knew the following spells:

 Your Spells              Type           Power        Failure   Level  Hunger
a - Corona                Hex            #......      19%         1    ##.....

Your spell library contained the following spells:

 Spells                   Type           Power        Failure   Level  Hunger
 Slow                     Hex            #.......     28%         2    ###....
 Inner Flame              Hex/Fire       #.......     71%         3    ####...
 Portal Projectile        Hex/Tloc       #.....       71%         3    ####...
 Cause Fear               Hex            #.........   88%         4    #####..
 Leda's Liquefaction      Hex/Erth       #.........   98%         4    #####..


Dungeon Overview and Level Annotations

Branches:
Dungeon (2/15)

Altars:
Fedhas
Vehumet


Innate Abilities, Weirdness & Mutations

You have hooves in place of feet.
Armour fits poorly on your strangely shaped body.
You cover ground very quickly.
You have extremely tough skin. (AC +3)


Message History

The gnoll hits you from afar with a halberd!
The gnoll hits you with a whip.
The gnoll hits you from afar with a halberd!
* * * LOW HITPOINT WARNING * * *
Okay, then.
Casting: Corona (safe; 19% risk of failure)
Confirm with . or Enter, or press ? or * to list all spells.
Aiming: Corona (safe; 19% risk of failure)
Press: ? - help, Shift-Dir - straight line, f/p - gnoll
Aim: a gnoll, wielding a halberd (chance to defeat MR: 51%)
You miscast Corona.
You are very lightly contaminated with residual magic.
Nothing appears to happen.
The gnoll barely misses you. x2
Firing (i - inventory)
d - 7 arrows (quivered)
Press: ? - help, Shift-Dir - straight line, f/p - gnoll
Aim: a gnoll, wielding a halberd You shoot an arrow.
The arrow hits the gnoll.
The gnoll is heavily wounded.
The gnoll barely misses you. The gnoll hits you with a whip.
You die...

##### ### ##.(.## ...
..g.. ..# #gg.####
#.# #.# #.g.$..# #.#
#.# ###@# #.# #.# #.#
#...# #.# #.###.###
#.### #.# #........
#.# ###.####.###..##
#.# #......#.###...#
#.###...............
##>#........#(###...#
#...........#.# #...#
#..#........#.# ###.#


You could see 4 gnolls.

Vanquished Creatures
  A dart slug (D:2)
  2 leopard geckos
  3 giant cockroaches
  8 goblins
  11 hobgoblins
  A ball python (D:2)
  3 bats
  2 frilled lizards (D:1)
  3 kobolds
  4 rats
38 creatures vanquished.

Notes
Turn   | Place    | Note
-------+----------+-------------------------------------------
     0 | D:1      | Jukra the Centaur Arcane Marksman began the quest for the Orb.
     0 | D:1      | Reached XP level 1. HP: 16/16 MP: 2/2
   183 | D:1      | Reached skill level 3 in Bows
   183 | D:1      | Reached XP level 2. HP: 23/23 MP: 0/3
   844 | D:1      | Reached XP level 3. HP: 28/28 MP: 4/4
   964 | D:2      | Found a blossoming altar of Fedhas.
  1016 | D:2      | Reached skill level 4 in Bows
  1267 | D:2      | Found a radiant altar of Vehumet.
  1271 | D:2      | Became a worshipper of Vehumet
  1377 | D:2      | Slain by a gnoll

Skill      XL: |  1  2  3 |
---------------+----------+-----
Hexes          | 3 |  3.2
Bows           | 3 4 |  4.3
Fighting       | |  1.2
Dodging        | |  1.5
Spellcasting   | |  1.0

Action                   || total
-------------------------++-------
Melee: Shortbow          ||    16
       Kick              ||     6
 Fire: Shortbow          ||   119
 Cast: Corona            ||     7
  Use: Scroll            ||     3
  Eat: Ration            ||     1
Armor: Robe              ||    18
       Ring mail         ||     1
Dodge: Dodged            ||    33
